 Dungeon Sprint DCSS version 0.28-a0-258-g8de209e91f (webtiles) character file.

Game seed: 12617205610867814069

50 MikeHunt the Shield-Bearer (level 4, -1/35 HPs)
             Began as a Formicid Fighter on Aug 26, 2021.
             Slain by a water elemental (10 damage)
             ... in the Dungeon (Sprint III: "The Ten Rune Challenge").
             The game lasted 00:00:52 (225 turns).

MikeHunt the Shield-Bearer (Formicid Fighter)        Turns: 225, Time: 00:00:53

Health: -1/35      AC:  6    Str: 21    XL:     4   Next: 4%
Magic:  4/4        EV:  9    Int:  7    God:
Gold:   0          SH:  9    Dex: 11    Spells: 3/3 levels left

rFire   . . .      SeeInvis +   a - +0 flail
rCold   . . .      Faith    .   c - +0 kite shield
rNeg    . . .      Spirit   .   b - +0 scale mail
rPois   .          Reflect  .   (helmet unavailable)
rElec   .          Harm     .   (no cloak)
rCorr   .          Rampage  .   (no gloves)
Will    .....                   (no boots)
Stlth   ..........              (no amulet)
HPRegen 0.11/turn               (no ring)
MPRegen 0.09/turn               (no ring)

@: mighty, engulfed (cannot breathe)
A: permanent stasis, dig shafts and tunnels, antennae 3, four strong arms
a: Dig


You were in the Dungeon.
You visited 1 branch

Inventory:

Hand Weapons
 a - a +0 flail (weapon)
Armour
 b - a +0 scale mail (worn)
 c - a +0 kite shield (worn)
 h - a +1 robe of cold resistance
Wands
 i - a wand of flame (10) (quivered)
Potions
 e - a potion of curing
 f - a potion of heal wounds
 g - 2 potions of magic


   Skills:
 - Level 3.2 Fighting
 + Level 5.1 Maces & Flails
 - Level 3.2 Armour
 + Level 6.8 Shields
 + Level 2.0 Evocations


You had 3 spell levels left.
You didn't know any spells.
Your spell library was empty.

Dungeon Overview and Level Annotations

Branches:
Dungeon (1/1)

Altars:


Innate Abilities, Weirdness & Mutations

You cannot be hasted, slowed, berserked, paralysed or teleported.
You can dig through walls and to a lower floor.
You have a pair of large antennae on your head. (SInv)
Your four strong arms can wield two-handed weapons with a shield.


Message History

The human is severely wounded.
You block the human's attack.
You miss the human.
The human is severely wounded.
The human hits you but does no damage.
You sock the human!
The human is almost dead.
The human hits you but does no damage. The human barely misses you.
You sock the human!
You kill the human!
Your Maces & Flails skill increases to level 5!
Your Evocations skill increases to level 1!
A phantom comes into view.
You see here a human corpse.
You barely miss the phantom.
The phantom hits you but does no damage.
You sock the phantom!
You destroy the phantom!
Your Evocations skill increases to level 2!
You have reached level 4!
You feel stronger.
You feel much better.
You open the door.
A water elemental comes into view.
The water elemental moves out of view.
The water elemental hits you.
The water elemental engulfs you in water!
There is an open door to the Ecumenical Temple here.
You sock the water elemental!
The water elemental is heavily damaged.
Your lungs strain for air!
The water elemental hits you! You block the water elemental's attack.
You are too injured to fight recklessly!
You are too injured to fight recklessly!
You barely miss the water elemental.
The water elemental is heavily damaged.
* * * LOW HITPOINT WARNING * * *
Your lungs strain for air!
The water elemental hits you!
You die...

▓▓▓▓▓▓▓ ▓▓▓ ..#...####
##.# ..#......## #..#
.##...†...# #..#{
#.##.##...# #..###+#+##
#.##.###..# +#..#.......
.####)##..# #...@.⌠.....
###..##..####...#E..####
.....##..###....#.⌠.#
##..##...##.....#...# {
#..##....#†.....#+###
..###..##.#.....# {{ (.#
#.. ####....# ▓▓▓ ▓▓▓
▓▓▓▓▓▓ { { {


You could see a water elemental.

Vanquished Creatures
  Jessica (D)
  A human (D)
  A phantom (D)
  An endoplasm (D)
  2 rats (D)
6 creatures vanquished.

Vanquished Creatures (others)
  2 hellions (D)
2 creatures vanquished.

Grand Total: 8 creatures vanquished

Notes
Turn   | Place    | Note
-------+----------+-------------------------------------------
     0 | D        | MikeHunt the Formicid Fighter began the quest for the Orb.
     0 | D        | Reached XP level 1. HP: 18/18 MP: 1/1
    12 | D        | Reached skill level 4 in Shields
    34 | D        | Noticed Jessica
    47 | D        | Killed Jessica
    48 | D        | Reached skill level 6 in Shields
    48 | D        | Reached XP level 2. HP: 13/24 MP: 2/2
    48 | D        | Reached XP level 3. HP: 16/29 MP: 3/3
   169 | D        | Killed a hellion
   170 | D        | Killed a hellion
   212 | D        | Reached skill level 5 in Maces & Flails
   212 | D        | Reached skill level 1 in Evocations
   216 | D        | Reached XP level 4. HP: 16/35 MP: 4/4
   222 | D        | Noticed a water elemental
   225 | D        | Slain by a water elemental

Illustrated notes

Levels and vault maps discovered:
D:        dungeon_sprint_mu [sprint_mu_entry_cave, sprint_mu_temple_rooms,
          sprint_mu_d1_spiders, sprint_mu_d2_genie, sprint_mu_d3_branching,
          sprint_mu_orc_legion, sprint_mu_elf_gauntlet, sprint_mu_hive_nellie,
          sprint_mu_lair_fedhas, sprint_mu_vaults_butterflies,
          sprint_mu_slime_circle, sprint_mu_swamp_cave, sprint_mu_shoals_kraken,
          sprint_mu_blade_basic, sprint_mu_crypt_fortress,
          sprint_mu_tomb_spiral, sprint_mu_vestibule_basic,
          sprint_mu_gehenna_hellfire, sprint_mu_dis_giant,
          sprint_mu_tartarus_statrot, sprint_mu_cocytus_islands, sprint_mu_zot1]

Skill      XL: |  1  2  3 |
---------------+----------+-----
Shields        | 6 |  6.8
Maces & Flails | 4 5 |  5.1
Evocations     | 2 |  2.0
Fighting       | |  3.2
Armour         | |  3.2

Action                   |  1- 3 |  4- 6 || total
-------------------------+-------+-------++-------
Melee: Flail             |    21 |     2 ||    23
Evoke: Wand              |     3 |       ||     3
  Use: Potion            |     1 |     1 ||     2
Armor: Scale mail        |     8 |       ||     8
Dodge: Dodged            |     2 |       ||     2
Block: Kite shield       |     7 |     1 ||     8

Table legend: (Time is in decaauts)
 A = Elapsed time spent in this place.
 B = Non-inter-level travel time spent in this place.
 C = Inter-level travel time spent in this place.
 D = Time resting spent in this place.
 E = Time spent auto-exploring this place.
 F = Levels seen in this place.
 G = Mean time per level.
                   A        B        C        D        E       F      G
               +--------+--------+--------+--------+--------+-----+--------+
         Total |    231 |    231 |      0 |    140 |      0 |   1 |  231.0 |
       Dungeon |    231 |    231 |      0 |    140 |      0 |   1 |  231.0 |
               +--------+--------+--------+--------+--------+-----+--------+

Top non-repeatable levels by time:
       D: 231 daAuts
